 Dungeon Crawl Stone Soup version 0.30.1-11-g7821555f0a (webtiles) character file.

Game seed: 16727923240698473406

28 comborobin the Sneak (level 2, -2/16 HPs)
             Began as a Spriggan Delver on Dec 4, 2023.
             Killed by divine providence
             ... invoked by an orc priest
              (12 damage)
             ... on level 9 of the Dungeon.
             The game lasted 00:02:40 (454 turns).

comborobin the Sneak (Spriggan Delver)               Turns: 454, Time: 00:02:41

Health: -2/16      AC:  3    Str:  8    XL:     2   Next: 96%
Magic:  3/3        EV: 18    Int: 11    God:
Gold:   24         SH:  0    Dex: 16    Spells: 1/1 levels left

rFire   . . .        l - +0 short sword
rCold   . . .        (no shield)
rNeg    . . .        b - +1 robe
rPois   .            (helmet restricted)
rElec   .            (no cloak)
rCorr   .            (gloves unavailable)
SInv    +            (boots unavailable)
Will    .....        (no amulet)
Stlth   ++++         (no ring)
HPRegen 0.22/turn    (no ring)
MPRegen 0.08/turn

%: no passive effects
@: very quick
A: very small, no large weapons, unfitting armour, see invisible, speed 3
a: no special abilities


You were on level 9 of the Dungeon.
You visited 1 branch of the dungeon, and saw 5 of its levels.

You collected 24 gold pieces.

Inventory:

Hand Weapons
 a - a +0 dagger
 l - a +0 short sword (weapon)
Armour
 b - a +1 robe (worn)
Wands
 g - a wand of digging (10)
Scrolls
 c - a scroll of fog
 e - 3 scrolls of fear
 f - a scroll of teleportation


   Skills:
 - Level 2.4 Fighting
 + Level 2.8 Short Blades
 + Level 3.4 Dodging
 + Level 7.7 Stealth


You had one spell level left.
You didn't know any spells.
Your spell library was empty.

Dungeon Overview and Level Annotations

Branches:
Dungeon (9/15)
 Temple: D:4-7         Lair: D:8-11         Orc: D:9-12

Altars:
Xom

Shops:
D:8 :*


Innate Abilities, Weirdness & Mutations

You are very small and have problems with some larger weapons.
You are too small for most types of armour.
You have supernaturally acute eyesight. (SInv)
You cover ground extremely quickly. (Speed+++)


Message History

3 orcs come into view.
There is an open door here.
The helpless orc wizard fails to defend itself.
You impale the orc wizard!!
You kill the orc wizard!
Your Dodging skill increases to level 3!
You have reached level 2!
Okay, then.
Okay, then.
You hit the orc priest.
The orc priest is moderately wounded.
The orc priest hits you with a +0 hand axe.
You barely miss the orc priest.
The orc priest is moderately wounded.
The orc barely misses you. The orc priest completely misses you.
l - a +0 short sword (weapon)
You hit the orc priest but do no damage.
The orc priest is moderately wounded.
The orc hits you with a +0 club.
The orc priest hits you with a +0 hand axe.
You barely miss the orc priest.
The orc priest is moderately wounded.
The orc closely misses you. The orc priest misses you.
You hit the orc priest but do no damage.
The orc priest is moderately wounded.
The orc closely misses you.
The orc priest hits you with a +0 hand axe.
You closely miss the orc priest.
The orc priest is moderately wounded.
The orc hits you but does no damage.
The orc priest hits you with a +0 hand axe.
* * * LOW HITPOINT WARNING * * *
You feel better. The orc barely misses you. The orc priest closely misses you.
You hit the orc priest but do no damage.
The orc priest is moderately wounded.
The orc barely misses you.
The orc priest calls down the wrath of Beogh upon you.
Beogh smites you!
Ouch! That really hurt!
You die...

#....# #....#
#....# #....#
##+###....#
#.........##+###.#
#................#
#.........<......#
.....#@#####.....#
... #oo...+ ....#
. #o..o.# ...#
#.....# ..#
####### .# #


You could see an orc priest and 3 orcs.

Vanquished Creatures
  An orc wizard (D:9)
  3 kobolds (D:7)
4 creatures vanquished.

Notes
Turn   | Place    | Note
-------+----------+-------------------------------------------
     0 | D:5      | comborobin the Spriggan Delver began the quest for the Orb.
     0 | D:5      | Reached XP level 1. HP: 11/11 MP: 2/2
     1 | D:6      | Noticed a black bear
    20 | D:8      | Noticed an orc warrior
    60 | D:8      | Found Bdasmaammuog's Bounteous Boutique.
    69 | D:8      | Found a shimmering altar of Xom.
   130 | D:8      | Found Sabe's Self-Improvement Boutique.
   172 | D:8      | Noticed a centaur warrior
   174 | D:8      | Noticed an orc warrior
   174 | D:8      | Noticed an orc priest
   175 | D:8      | Noticed an orc wizard
   182 | D:8      | Noticed an orc wizard
   185 | D:7      | Noticed a gnoll bouda
   185 | D:7      | Noticed a kobold brigand
   220 | D:7      | Noticed a gargoyle
   443 | D:9      | Noticed an orc wizard
   443 | D:9      | Noticed an orc priest
   445 | D:9      | Killed an orc wizard
   446 | D:9      | Reached XP level 2. HP: 16/16 MP: 3/3
   454 | D:9      | Killed from afar by an orc priest

Illustrated notes

Levels and vault maps discovered:
D:5:      layout_basic, minmay_temple_entry_mini_moons
D:6:      nicolae_whirlpool, layout_gridville, ebering_ghost_sewer_f,
          water_maze_lemuel, uniq_blork_the_orc
D:7:      layout_gridville, dilly_guarded_unrand_devastator
D:8:      minmay_opposing_rooms, layout_layer_cave,
          mainiacjoe_overflow_cross_hatched, xom_teletrap_fun,
          nicolae_alphabet_shops, nicolae_shop_self_help
D:9:      layout_irregular_city, kiku_gazebo_pond_becter, hex_tiny,
          minmay_starry_boxes

Skill      XL: |  1 |
---------------+----+-----
Dodging        | 3 |  3.4
Fighting       | |  2.4
Short Blades   | |  2.8
Stealth        | |  7.7

Action                     || total
---------------------------++-------
  Melee: Short sword       ||    10
         Dagger            ||     3
  Evoke: Wand              ||     2
    Use: Scroll            ||     7
         Potion            ||     2
   Stab: Sleeping          ||     1
 Armour: Robe              ||     2
  Dodge: Dodged            ||    10
